 Dungeon Sprint DCSS version 0.30-a0-860-g512cf1e979 (webtiles) character file.

Game seed: 10555653343859838386

89 BigDaddyOpFi the Hill Orc Disaster (level 4, -8/63 HPs)
             Began as a Hill Orc Fighter on Mar 7, 2023.
             Was a Believer of Qazlal.
             Mangled by a fire bat (9 damage)
             ... in the Dungeon (Sprint VII: "The Pits").
             The game lasted 00:00:34 (362 turns).

BigDaddyOpFi the Hill Orc Disaster (HOFi)            Turns: 362, Time: 00:00:35

Health: -8/63      AC:  7    Str: 20    XL:     4   Next: 55%
Magic:  6/8        EV:  9    Int:  8    God:    Qazlal [**....]
Gold:   0          SH:  8    Dex: 10    Spells: 3/3 levels left

rFire   . . .      SeeInvis .    a - +0 war axe
rCold   . . .      Faith    .    c - +0 buckler
rNeg    . . .      Spirit   .    b - +0 scale mail
rPois   .          Reflect  .    (no helmet)
rElec   .          Rampage  .    (no cloak)
rCorr   .          NoTele   +    (no gloves)
Will    .....                    (no boots) Stlth
                                 (no amulet)
HPRegen 0.30/turn                (no ring)
MPRegen 0.11/turn                (no ring)

@: mighty, berserking, very quick
A: no striking features
a: Renounce Religion, Upheaval


You were in the Dungeon.
You worshipped Qazlal.
Qazlal was pleased with you.
You visited 1 branch

Inventory:

Hand Weapons
 a - a +0 war axe (weapon)
Armour
 b - a +0 scale mail (worn)
 c - a +0 buckler (worn)
Scrolls
 j - a scroll of blinking
Potions
 g - a potion of haste
 h - 4 potions of magic
 i - 2 potions of berserk rage
 k - 2 potions of invisibility


   Skills:
 + Level 5.5 Fighting
 + Level 5.2 Axes
 + Level 5.1 Armour
 + Level 5.0 Shields
 * Level 6.1 Invocations


You had 3 spell levels left.
You didn't know any spells.
Your spell library was empty.

Dungeon Overview and Level Annotations

Branches:
Dungeon (1/1)

Altars:
Ashenzari
Cheibriados
Dithmenos
Elyvilon
Fedhas
Gozag
Hepliaklqana
Kikubaaqudgha
Makhleb
Nemelex Xobeh
Okawaru
Qazlal
Ru
Sif Muna
Trog
Uskayaw
Vehumet
Wu Jian
Xom
Yredelemnul
Zin
The Shining One
Beogh
Jiyva
Lugonu


Message History

You have reached level 4!
You feel better. The fire bat bites you.
You are engulfed in flames.
The rat barely misses you.
The fire bat bites you but does no damage.
You slice the rat!!
You kill the rat!
Qazlal accepts your kill.
You can now call upon nature to destroy your foes.
The fire bat bites you.
You are engulfed in flames!
You slice the goblin!!
You kill the goblin!
Qazlal accepts your kill. The fire bat closely misses you.
The fire bat barely misses you.
The fire bat bites you but does no damage. x2
There is an open door here.
You see here a scorpion corpse.
You hit the fire bat.
The fire bat is moderately wounded.
The fire bat bites you but does no damage.
The fire bat bites you.
You are engulfed in flames.
* * * LOW HITPOINT WARNING * * *
The fire bat bites you.
* * * LOW HITPOINT WARNING * * *
You are engulfed in flames.
* * * LOW HITPOINT WARNING * * *
The fire bat bites you but does no damage.
You slash the fire bat!
The fire bat is almost dead.
You block the fire bat's attack.
Okay, then.
A red film seems to cover your vision as you go berserk!
You feel yourself moving faster!
You feel mighty!
The fire bat bites you but does no damage.
Unknown command.
You feel a strong urge to attack something.
The fire bat bites you.
* * * LOW HITPOINT WARNING * * *
You are engulfed in flames!
You die...

#.?(.')))'.##......#..
##########.##.........
#..........†'.........
#+#####†#####......#..
#...#.# #.........
#...#.# ####'#####
#)..'.# #.......#
##†#### #.......#
#..@b.# #.......#
#.☼...# #...<...#
#........##.......#
#........##.......#
###########.......#
#########


You could see a fire bat.

Vanquished Creatures
  A scorpion (D)
  2 river rats (D)
  An ufetubus (D)
  A goblin (D)
  A quokka (D)
  2 rats (D)
8 creatures vanquished.

Notes
Turn   | Place    | Note
-------+----------+-------------------------------------------
     0 | D        | BigDaddyOpFi the Hill Orc Fighter began the quest for the
                  | Orb.
     0 | D        | Reached XP level 1. HP: 19/19 MP: 1/1
    16 | D        | Found a bloodstained altar of Trog.
    16 | D        | Found a shimmering blue altar of Sif Muna.
    16 | D        | Found a viscous altar of Jiyva.
    16 | D        | Found a hazy altar of Hepliaklqana.
    16 | D        | Found an opulent altar of Gozag.
    17 | D        | Found a glowing golden altar of the Shining One.
    17 | D        | Found a glowing silver altar of Zin.
    17 | D        | Found a basalt altar of Yredelemnul.
    17 | D        | Found a shimmering altar of Xom.
    17 | D        | Found an ornate altar of the Wu Jian Council.
    17 | D        | Found a sacrificial altar of Ru.
    17 | D        | Found a stormy altar of Qazlal.
    17 | D        | Found an iron altar of Okawaru.
    17 | D        | Found a sparkling altar of Nemelex Xobeh.
    17 | D        | Found a burning altar of Makhleb.
    17 | D        | Found a blossoming altar of Fedhas.
    17 | D        | Found a white marble altar of Elyvilon.
    17 | D        | Found a shadowy altar of Dithmenos.
    17 | D        | Found a snail-covered altar of Cheibriados.
    18 | D        | Found a radiant altar of Vehumet.
    18 | D        | Found a corrupted altar of Lugonu.
    18 | D        | Found a roughly hewn altar of Beogh.
    19 | D        | Found an ancient bone altar of Kikubaaqudgha.
    19 | D        | Found a hide-covered altar of Uskayaw.
    19 | D        | Found a broken altar of Ashenzari.
    22 | D        | Became a worshipper of Qazlal Stormbringer
    49 | D        | Reached skill level 2 in Invocations
    51 | D        | Reached skill level 3 in Invocations
    51 | D        | Reached XP level 2. HP: 23/28 MP: 1/4
   166 | D        | Reached * piety under Qazlal
   171 | D        | Reached XP level 3. HP: 25/34 MP: 5/5
   341 | D        | Noticed a scorpion
   342 | D        | Noticed a fire bat
   351 | D        | Killed a scorpion
   352 | D        | Reached skill level 5 in Fighting
   352 | D        | Reached skill level 5 in Axes
   352 | D        | Reached skill level 5 in Armour
   352 | D        | Reached skill level 5 in Shields
   352 | D        | Reached skill level 6 in Invocations
   352 | D        | Reached XP level 4. HP: 29/42 MP: 5/8
   354 | D        | Reached ** piety under Qazlal
   362 | D        | HP: 1/63 [fire bat (5)]
   362 | D        | Mangled by a fire bat

Illustrated notes

Levels and vault maps discovered:
D:        pitsprint [storerooms_1, entrance_room_1, metal_vault_4, armoury_1,
          mini_pit_1, grid_room_1, main_hall_1, silver_pit, the_coven_1,
          the_vestibule_1, steel_vault_4, golden_pit, hallway_of_sentries,
          crystal_vault_3, iron_vault_1, final_vault]

Skill      XL: |  1  2  3 |
---------------+----------+-----
Fighting       | 4 5 |  5.5
Axes           | 3 4 5 |  5.2
Invocations    | 3 6 |  6.1
Armour         | 4 5 |  5.1
Shields        | 4 5 |  5.0

Action                     |  1- 3 |  4- 6 || total
---------------------------+-------+-------++-------
  Melee: War axe           |    17 |     4 ||    21
    Use: Potion            |     2 |     2 ||     4
 Armour: Scale mail        |     9 |     6 ||    15
  Dodge: Dodged            |    13 |     3 ||    16
  Block: Buckler           |     5 |     1 ||     6

Table legend: (Time is in decaauts)
 A = Elapsed time spent in this place.
 B = Non-inter-level travel time spent in this place.
 C = Inter-level travel time spent in this place.
 D = Time resting spent in this place.
 E = Time spent auto-exploring this place.
 F = Levels seen in this place.
 G = Mean time per level.
                   A        B        C        D        E       F      G
               +--------+--------+--------+--------+--------+-----+--------+
         Total |    368 |    368 |      0 |    278 |      0 |   1 |  368.0 |
       Dungeon |    368 |    368 |      0 |    278 |      0 |   1 |  368.0 |
               +--------+--------+--------+--------+--------+-----+--------+

Top non-repeatable levels by time:
       D: 368 daAuts
